 Dungeon Crawl Stone Soup version 0.31-a0-150-g89dc3ad700 (webtiles) character file.

Game seed: 6900592307351897622

268 qw the Shooter (level 6, -1/39 HPs)
             Began as a Gargoyle Hunter on June 8, 2023.
             Killed by divine providence
             ... invoked by an orc priest
              (11 damage)
             ... on level 3 of the Dungeon.
             The game lasted 00:01:06 (2287 turns).

qw the Shooter (Gargoyle Hunter)                    Turns: 2287, Time: 00:01:07

Health: -1/39      AC: 12    Str: 15    XL:     6   Next: 21%
Magic:  6/6        EV: 11    Int:  7    God:
Gold:   187        SH:  0    Dex: 15    Spells: 5/5 levels left

rFire   + . .        Y - +1 shortbow
rCold   . . .        (shield currently unavailable)
rNeg    + + .        m - +2 leather armour {rPois}
rPois   inf          f - +2 helmet
rElec   +            (no cloak)
rCorr   .            (no gloves)
SInv    .            (no boots)
Will    ++...        (no amulet)
Stlth   ++           b - ring "Izudeeddei" {rElec rF+ rN+ Will++ Int-2}
HPRegen 0.26/turn    (no ring)
MPRegen 0.10/turn

%: no passive effects
@: no status effects
A: sickness immunity, AC +4, negative energy resistance 1, electricity
resistance, torment resistance 1, petrification resistance
a: no special abilities


You were on level 3 of the Dungeon.
You visited 1 branch of the dungeon, and saw 3 of its levels.
You also visited: Sewer.

You collected 187 gold pieces.


Innate Abilities, Weirdness & Mutations

You are immune to sickness and miasma.
Your stone body is resilient. (AC +4)
You are immune to poison.
You resist negative energy. (rN+)
You are resistant to electric shocks. (rElec)
You are resistant to unholy torment.
You are immune to petrification.


   Skills:
 - Level 4.4 Fighting
 + Level 6.1 Ranged Weapons
 - Level 1.1 Armour
 - Level 1.5 Dodging
 - Level 1.1 Stealth


You had 5 spell levels left.
You didn't know any spells.
Your spell library was empty.

Inventory:

Hand Weapons
 Y - a +1 shortbow (weapon)
Armour
 f - a +2 helmet (worn)
 m - a +2 leather armour of poison resistance (worn)
Jewellery
 b - the ring "Izudeeddei" (left hand) {rElec rF+ rN+ Will++ Int-2}
   (You acquired it in a sewer)

   [ring of protection from fire]

   Int:       It affects your intelligence (-2).
   rF:        It protects you from fire.
   rElec:     It insulates you from electricity.
   rN:        It protects you from negative energy.
   Will:      It greatly increases your willpower.
Scrolls
 c - a scroll of identify {unknown}
 j - a scroll of teleportation
 k - a scroll of enchant armour
Potions
 a - a potion of mutation {unknown}
 d - a potion of enlightenment {unknown}
 e - a potion of magic {unknown}
 g - 2 potions of heal wounds
 h - a potion of cancellation {unknown}
 i - a potion of haste {unknown}
 l - a potion of curing
 n - a potion of resistance {unknown}

Dungeon Overview and Level Annotations

Branches:
Dungeon (3/15)              Sewer (visited)

Altars:
Ru


Message History

You shoot an arrow. The arrow hits the adder.
The adder is severely wounded.
An orc comes into view. It is wielding a +0 club.
The adder barely misses you.
The orc priest calls down the wrath of Beogh upon you.
You resist with almost no effort. The orc hits you but does no damage.
You shoot an arrow. The arrow misses the adder.
The adder barely misses you. The orc barely misses you.
The orc priest hits you but does no damage.
You shoot an arrow. The arrow barely misses the adder.
The adder closely misses you. The adder bites you but does no damage.
The orc barely misses you. The orc priest closely misses you.
You shoot an arrow. The arrow hits the adder.
The adder is severely wounded.
The adder barely misses you. The orc barely misses you.
The orc priest hits you but does no damage.
You shoot an arrow. The arrow hits the adder!
You kill the adder!
The orc misses you. The orc priest closely misses you.
You shoot an arrow. The arrow hits the orc priest!
The orc priest is heavily wounded.
The orc hits you but does no damage.
The orc priest looks satisfied for a moment.
You shoot an arrow. The arrow hits the orc priest.
The orc priest is severely wounded.
The orc closely misses you.
The orc priest hits you but does no damage.
You shoot an arrow. The arrow hits the orc priest.
The orc priest is almost dead.
The orc priest calls upon Beogh to heal the orc priest.
The orc priest is healed somewhat.
The orc hits you but does no damage. The orc priest hits you with a +0 mace.
You shoot an arrow. The arrow hits the orc priest.
The orc priest is almost dead.
The orc hits you but does no damage.
The orc priest invokes the aid of Beogh against you.
Beogh smites you!
The orc priest mumbles some strange prayers to Beogh against you.
Beogh smites you!
You die...

#.# # # #.#### .....#
#.##.# ##### # )oo# #
###########o###$# #.#
#..........o@.).# ..#
#.....#####.....#
#####.....#####.###.#
##............... ..
##.###.##.##.##.## ##
...# #.##.# ##.# ####
#.##.# #.# ... ......
... ######.#...


You could see 2 orc priests and 2 orcs.

Vanquished Creatures
  Pargi (Sewer)
  5 adders
  4 gnolls (D:2)
  3 worms
  A dart slug (D:1)
  10 orcs
  4 endoplasms
  5 giant cockroaches
  3 hobgoblins
  A quokka (D:1)
  4 ball pythons
  6 bats
  9 frilled lizards
  10 goblins
  4 kobolds
  5 rats
75 creatures vanquished.

Notes
Turn   | Place    | Note
-------+----------+-------------------------------------------
     0 | D:1      | qw the Gargoyle Hunter began the quest for the Orb.
     0 | D:1      | Reached XP level 1. HP: 12/12 MP: 1/1
     0 | D:1      | 0 ||| qw: Version: 0.2-a-119-g7aa9181
     0 | D:1      | 0 ||| qw: Game counter: 2842
     0 | D:1      | 0 ||| qw: Always use a shield: true
     0 | D:1      | 0 ||| qw: God list: Okawaru
     0 | D:1      | 0 ||| qw: Allow faded altars: false
     0 | D:1      | 0 ||| qw: Do Orc after D:15 true
     0 | D:1      | 0 ||| qw: Do second Lair branch before Depths: true
     0 | D:1      | 0 ||| qw: Lair rune preference: random
     0 | D:1      | 0 ||| qw: Plans: Normal
     0 | D:1      | 0 ||| PLANNING D:1-11
   209 | D:1      | Reached XP level 2. HP: 17/17 MP: 2/2
   773 | D:1      | 773 ||| UPGRADING to +0 helmet.
   778 | D:1      | 778 ||| READING scroll labelled TAHEMO MAEMOSH.
   779 | D:1      | 779 ||| READING scroll labelled ASSABR NENUJY.
   789 | D:1      | 789 ||| READING scroll labelled DICKER HAWK.
   790 | D:1      | 790 ||| DRINKING 2 pink potions.
   791 | D:1      | 791 ||| DROPPING scroll of butterflies.
   864 | D:2      | Reached XP level 3. HP: 21/21 MP: 3/3
   880 | D:2      | Reached skill level 5 in Ranged Weapons
  1026 | D:2      | Reached skill level 3 in Fighting
  1087 | D:2      | Reached XP level 4. HP: 14/28 MP: 4/4
  1157 | D:2      | Found a faded altar of an unknown god.
  1366 | D:2      | Reached XP level 5. HP: 26/32 MP: 5/5
  1549 | D:2      | 1549 ||| UPGRADING to +1 ring mail of poison resistance.
  1559 | D:2      | 1559 ||| DROPPING +0 leather armour.
  1560 | D:2      | 1560 ||| UPGRADING to +2 leather armour of poison
                  | resistance.
  1570 | D:2      | 1570 ||| DROPPING +1 ring mail of poison resistance.
  1571 | D:2      | 1571 ||| READING scroll labelled YCSIGH ELAFEM.
  1572 | D:2      | 1572 ||| READING 2 scrolls labelled UGEUBINGAY.
  1577 | D:2      | 1577 ||| READING scroll labelled JAIVVI JOUMYCH.
  1578 | D:2      | 1578 ||| DRINKING 2 blue potions.
  1579 | D:2      | 1579 ||| DRINKING 2 orange potions.
  1580 | D:2      | 1580 ||| DROPPING potion of brilliance.
  1597 | D:3      | 1597 ||| PLANNING SEWER
  1635 | D:3      | Reached skill level 6 in Ranged Weapons
  1742 | D:3      | 1742 ||| READING scroll of enchant armour.
  1742 | D:3      | 1742 ||| ENCHANTING +0 helmet.
  1880 | D:3      | Found a glowing drain.
  1881 | D:3      | 1881 ||| DROPPING ring of wizardry.
  1882 | D:3      | 1882 ||| READING scroll labelled BIHEPN JUUST.
  1886 | D:3      | 1886 ||| Stepping ~*~*~tactically~*~*~ (water).
  1892 | Sewer    | Entered a sewer
  1905 | Sewer    | 1905 ||| Stepping ~*~*~tactically~*~*~ (water).
  1915 | Sewer    | Reached skill level 1 in Armour
  1925 | Sewer    | 1925 ||| Stepping ~*~*~tactically~*~*~ (water).
  1932 | Sewer    | 1932 ||| Stepping ~*~*~tactically~*~*~ (water).
  1947 | Sewer    | 1947 ||| READING scroll of enchant armour.
  1947 | Sewer    | 1947 ||| ENCHANTING +1 helmet.
  1966 | Sewer    | Noticed Pargi
  1967 | Sewer    | 1967 ||| Stepping ~*~*~tactically~*~*~ (water).
  1969 | Sewer    | 1969 ||| Stepping ~*~*~tactically~*~*~ (water).
  1971 | Sewer    | 1971 ||| Stepping ~*~*~tactically~*~*~ (water).
  1980 | Sewer    | Killed Pargi
  1981 | Sewer    | Reached XP level 6. HP: 22/39 MP: 6/6
  2089 | Sewer    | 2089 ||| READING scroll labelled SATHRA JAICO.
  2089 | Sewer    | Identified a scroll of acquirement
  2089 | Sewer    | 2089 ||| ACQUIRING ring "Izudeeddei" {rElec rF+ rN+ Will++
                  | Int-2}
  2089 | Sewer    | Acquired the ring "Izudeeddei" {rElec rF+ rN+ Will++ Int-2}
  2091 | Sewer    | 2091 ||| UPGRADING to ring "Izudeeddei" {rElec rF+ rN+
                  | Will++ Int-2}.
  2092 | Sewer    | 2092 ||| READING scroll labelled USERPH ZOLIP.
  2100 | D:3      | 2100 ||| PLANNING D:1-11
  2224 | D:3      | Found a sacrificial altar of Ru.
  2287 | D:3      | Killed from afar by an orc priest

Levels and vault maps discovered:
D:1:      dpeg_arrival_rooms_b, layout_basic
D:2:      layout_basic, hellmonk_ecumenical_altar_defaced_shrine
D:3:      layout_basic, nicolae_ru_sacrificial_ziggurat,
          cheibrodos_sewer_entry_sluice

Skill      XL: |  1  2  3  4  5 |
---------------+----------------+-----
Ranged Weapons | 5 6 |  6.1
Fighting       | 3 4 |  4.4
Armour         | 1 |  1.1
Dodging        | |  1.5
Stealth        | |  1.1

Action                     |  1- 3 |  4- 6 || total
---------------------------+-------+-------++-------
   Fire: Shortbow          |   126 |   120 ||   246
    Use: Scroll            |     3 |     8 ||    11
         Potion            |     1 |     2 ||     3
 Armour: Leather armour    |    25 |    61 ||    86
  Dodge: Dodged            |    32 |    55 ||    87

Table legend:
 A = Non-vault XP
 B = Vault XP
 C = Vault XP percentage of total XP
 D = Non-vault monster count
 E = Vault monster count
 F = Vault count percentage of total count
                 A         B        C        D         E       F
            +---------+---------+-------+---------+---------+-------
      Total |     199 |     185 |  48.2 |      59 |      16 |  21.3
            +---------+---------+-------+---------+---------+-------
        D:1 |      26 |       0 |   0.0 |      16 |       0 |   0.0
        D:2 |     130 |      12 |   8.5 |      29 |       4 |  12.1
        D:3 |      43 |       6 |  12.2 |      14 |       2 |  12.5
      Sewer |       0 |     167 | 100.0 |       0 |      10 | 100.0
            +---------+---------+-------+---------+---------+-------
